 Dungeon Crawl Stone Soup version 0.29.1-2-gbd0b4ee654 (webtiles) character file.

Game seed: 3671655224492184853

259 Ackmard the Magician (level 6, -5/40 HPs)
             Began as a Djinni Necromancer on Nov 11, 2022.
             Slain by Grinder (10 damage)
             ... while paralysed by Grinder
             ... on level 3 of the Dungeon.
             The game lasted 00:10:55 (3948 turns).

Ackmard the Magician (Djinni Necromancer)           Turns: 3948, Time: 00:10:56

Health: -5/40      AC:  3    Str:  7    XL:     6   Next: 40%
Gold:   153        EV:  2    Int: 19    God:
                   SH:  0    Dex: 13

rFire   + + +      SeeInvis .   (no weapon)
rCold   . . .      Faith    .   (no shield)
rNeg    . . .      Spirit   .   a - +0 robe
rPois   ∞          Reflect  .   p - +0 helmet
rElec   .          Harm     .   g - scarf {rC+ rF+}
rCorr   .          Rampage  .   (no gloves)
Will    .....                   (boots unavailable)
Stlth   ++........              (no amulet)
HPRegen 0.13/turn               (no ring)
MPRegen 0.00/turn               (no ring)

@: paralysed, flying
A: sickness immunity, fire resistance 2, cold vulnerability 1, float, innate
caster, HP casting, extra vitality 1
a: no special abilities


You were on level 3 of the Dungeon.
You visited 1 branch of the dungeon, and saw 3 of its levels.

You collected 153 gold pieces.

Inventory:

Hand Weapons
 k - a +3 quarterstaff of chaos
Armour
 a - a +0 robe (worn)
 g - a scarf of resistance (worn)
 l - a +1 cloak
 m - an orb of mayhem
 p - a +0 helmet (worn)
Magical Staves
 c - a staff of earth
Scrolls
 b - a scroll of magic mapping {unknown}
 d - a scroll of acquirement {unknown}
 f - 2 scrolls of noise {unknown}
 h - 5 scrolls of identify {unknown}
 j - a scroll of blinking {unknown}
 n - 2 scrolls of teleportation {unknown}
 o - a scroll of torment {unknown}
Potions
 e - 2 potions of attraction {unknown}
 i - a potion of curing {unknown}
 q - a potion of haste {unknown}


   Skills:
 - Level 0.1 Fighting
 * Level 2.4 Dodging
 * Level 2.0 Stealth
 * Level 5.5 Spellcasting


You couldn't memorise any spells.
You knew the following spells:

 Your Spells              Type           Power      Damage    Failure   Level
a - Necrotise             Necr           100%       1d9       1%          1
b - Vampiric Draining     Necr           26%        2d7       3%          3
c - Animate Dead          Necr           26%        N/A       12%         4
d - Agony                 Necr           26%        N/A       34%         5
e - Apportation           Tloc           52%        N/A       1%          1
f - Wereblood             Tmut           26%        N/A       1%          2
Your spell library was empty.

Dungeon Overview and Level Annotations

Branches:
Dungeon (3/15)

Altars:

Annotations:
D:3 Grinder


Innate Abilities, Weirdness & Mutations

You are immune to sickness and miasma.
You are immune to poison.
Your flesh is very heat resistant. (rF++)
You are vulnerable to cold. (rC-)
You float through the air rather than walking.
You learn spells naturally, not from books.
Your magical power is your life essence.
You have superior vitality. (+4 MHP)


Message History

Confirm with . or Enter, or press ? or * to list all spells.
You can't see any susceptible monsters within range! (Use Z to cast anyway.)
You closely miss Grinder.
Grinder is lightly wounded.
Grinder says, "I used to sell toenails on the black market."
Grinder misses you.
You hit Grinder but do no damage.
Grinder is lightly wounded.
Grinder hits you!
* * * LOW HITPOINT WARNING * * *
Grinder gestures at you.
You struggle to resist.
Grinder gestures at you. Pain shoots through your body!
* * * LOW HITPOINT WARNING * * *
Grinder gestures at you.
You struggle to resist.
Grinder says, "Make like a tree!"
Grinder blinks!
You see here a +0 club.
Grinder says, "Make like a tree!"
Grinder blinks!
Grinder is nearby!
Your primal bloodlust is almost over.
Your primal bloodlust has ended.
Grinder is nearby!
Grinder blinks!
Grinder shouts!
Grinder blinks!
Grinder says, "You look like you could use a good racking."
Grinder attacks as you move away! Grinder hits you.
* * * LOW HITPOINT WARNING * * *
You writhe in agony.
* * * LOW HITPOINT WARNING * * *
Grinder barely misses you. Grinder attacks as you move away!
Grinder closely misses you. Grinder gestures at you.
You suddenly lose the ability to move!
Grinder hits you!
You die...

#.#
#.#..##.#..#
#...# #.#
#.#..##.#..#
##.## #.#
#.#.....#..#
#.# #.#
#.#.##..#..#
#.# ##.##
#.#.##..#..#
#.# #...##
#.#.##..#..#
#.# .....#
#..........#
..# #...##
###.##..#.##
.### ##.##
#.....5@###
#. ###
####......#
# #>####.#
#.# #.# #.#
#.# #.# #.#
#.# #.# #.#
#.# #.# #.#


You could see Grinder.

Vanquished Creatures
  2 orc priests (D:3)
  Crazy Yiuf (D:2)
  An orc wizard (D:3)
  Natasha (thrice) (D:2)
  A worm (D:2)
  3 dart slugs
  6 orcs (D:3)
  5 bats
  8 endoplasms
  3 giant cockroaches
  6 goblins
  6 hobgoblins
  4 kobolds
  A quokka (D:3)
  4 ball pythons
  2 rats (D:2)
56 creatures vanquished.

Vanquished Creatures (collateral kills)
  A rat (D:1)
1 creature vanquished.

Grand Total: 57 creatures vanquished

Notes
Turn   | Place    | Note
-------+----------+-------------------------------------------
     0 | D:1      | Ackmard the Djinni Necromancer began the quest for the Orb.
     0 | D:1      | Ackmard set off with the following spells memorised:
                  | Necrotise, Vampiric Draining, Animate Dead, Agony.
     0 | D:1      | Reached XP level 1. HP: 15/15 MP: 0/0
   218 | D:1      | Reached XP level 2. HP: 4/21 MP: 0/0
  1106 | D:1      | Reached XP level 3. HP: 24/25 MP: 0/0
  1106 | D:1      | Learned a level 1 spell: Apportation
  1398 | D:2      | Reached skill level 4 in Spellcasting
  1486 | D:2      | Noticed Natasha
  1550 | D:2      | Killed Natasha
  1551 | D:2      | Reached XP level 4. HP: 23/31 MP: 0/0
  1659 | D:2      | Noticed Natasha
  1665 | D:2      | Killed Natasha
  1806 | D:2      | Noticed Natasha
  1811 | D:2      | Killed Natasha
  1812 | D:2      | Reached XP level 5. HP: 27/35 MP: 0/0
  1812 | D:2      | Learned a level 2 spell: Wereblood
  2235 | D:2      | Found a runed translucent door.
  2236 | D:2      | Noticed Crazy Yiuf
  2256 | D:2      | Killed Crazy Yiuf
  2257 | D:2      | Reached skill level 5 in Spellcasting
  3026 | D:3      | Reached XP level 6. HP: 11/40 MP: 0/0
  3860 | D:3      | Noticed Grinder
  3946 | D:3      | Paralysed by Grinder for 4 turns
  3948 | D:3      | Slain by Grinder

Illustrated notes

Levels and vault maps discovered:
D:1:      dpeg_arrival_rhombus, layout_basic, corexii_item_surrounded_by_moat
D:2:      layout_basic, uniq_natasha, uniq_crazy_yiuf_cottage
D:3:      layout_loops_ring, uniq_grinder

Skill      XL: |  1  2  3  4  5  6 |
---------------+-------------------+-----
Spellcasting   | 4 5 |  5.5
Stealth        | 2 |  2.0
Fighting       | |  0.1
Dodging        | |  2.4

Action                   |  1- 3 |  4- 6 || total
-------------------------+-------+-------++-------
Melee: Unarmed           |       |     6 ||     6
 Cast: Necrotise         |    52 |    62 ||   114
       Vampiric Draining |       |    12 ||    12
       Animate Dead      |       |     1 ||     1
       Wereblood         |       |     1 ||     1
Armor: Robe              |     5 |     3 ||     8
Dodge: Dodged            |     7 |    14 ||    21
